Map: [ESL] Data-C

Players

Clem - Winner!

  • Race: Terran Terran
  • Spawn Location: 3:00

MeomaikA

  • Race: Zerg Zerg
  • Spawn Location: 9:00

Event: DreamHack SC2 Masters 2022 Valencia

VOD

Have the link to the VOD?

Description

Time

  • Played on: July 1, 2022, 1:38 p.m.
  • Length: 5:27

All games in this series

Show
View Real Time Build Order
Export as new Build Order

Clem Terran - Winner!

Build Orders: Reaper Expand 

Get SALT Encoding   

  12  0:00  SCV  
  13  0:12  SCV  
  14  0:16  Supply Depot  
  14  0:24  SCV  
  15  0:38  Barracks, SCV  
  16  0:44  Refinery  
  16  0:50  SCV  
  17  1:02  SCV  
  18  1:14  SCV  
  19  1:26  Orbital Command, Reaper  
  20  1:40  Command Center  
  20  1:51  Barracks  
  20  1:55  SCV  
  20  1:59  Barracks Reactor  
  21  2:07  SCV  
  22  2:13  Refinery  
  22  2:21  Factory  
  23  2:23  Supply Depot  
  23  2:27  SCV  
  23  2:39  Barracks Tech Lab  
  23  2:45  SCV, Marine x2  
  26  2:52  Orbital Command  
  26  2:57  SCV  
  27  2:59  Marine  
  27  3:01  Stimpack  
  27  3:03  Marine  
  29  3:06  Marine  
  29  3:09  SCV  
  31  3:19  Factory Tech Lab  
  31  3:22  Bunker, Marine  
  31  3:26  Marauder  
  34  3:29  Bunker  
  34  3:32  Marine  
  34  3:42  Marine  
  34  3:44  Cyclone  
  34  3:45  SCV  
  39  3:53  Marauder  
  39  3:54  Marine  
  41  3:57  SCV  
  41  4:01  Marine  
  43  4:05  SCV  
  43  4:07  Supply Depot  
  44  4:10  SCV  
  45  4:17  SCV, Supply Depot  
  45  4:21  Starport  
  45  4:23  Factory Reactor  
  46  4:27  Marine  
  46  4:28  SCV, Marine  
  46  4:31  SCV, Marine  
  48  4:37  Supply Depot  
  49  4:44  SCV, Siege Tank  
  49  4:45  Marine  
  45  4:46  Marine  
  45  4:51  SCV, Marine  
  47  4:56  SCV  
  45  5:03  SCV, Marine  
  45  5:05  Marine  
  48  5:08  Marine  
  48  5:12  SCV  
Show
View Real Time Build Order
Export as new Build Order

MeomaikA Zerg 

Build Orders: Pool First 

Get SALT Encoding   

  12  0:00  Drone  
  13  0:08  Drone  
  14  0:16  Overlord  
  14  0:23  Drone, Extractor  
  15  0:34  Drone  
  15  0:35  Drone  
  17  0:44  Spawning Pool  
  17  0:47  Drone  
  17  1:07  Hatchery  
  17  1:11  Drone  
  17  1:12  Extractor  
  17  1:15  Drone  
  17  1:31  Queen, Zergling x4  
  21  1:37  Drone  
  22  1:46  Roach Warren  
  21  1:54  Overlord  
  21  2:26  Roach x4  
  29  2:30  Roach  
  29  2:33  Queen  
  33  2:41  Drone x2  
  35  2:45  Drone  
  35  2:56  Drone  
  36  3:01  Overlord  
  36  3:03  Metabolic Boost  
  36  3:11  Drone  
  36  3:20  Zergling x8  
  36  3:22  Zergling x2  
  36  3:25  Zergling x2  
  42  3:27  Zergling x2  
  42  3:31  Zergling x2  
  44  3:42  Overlord  
  44  3:50  Overlord  
  44  3:54  Overlord  
  44  4:09  Zergling x8  
  48  4:11  Ravager x2  
  48  4:12  Zergling x4  
  48  4:13  Zergling x2  
  53  4:21  Zergling x2  
  53  4:22  Zergling x2  
  55  4:26  Zergling x6  
  55  4:27  Zergling x2  
  55  4:28  Zergling x2  
  60  4:38  Zergling x4  
  59  4:42  Zergling x4  
  59  4:45  Zergling x2  
  55  4:47  Ravager  
  51  4:53  Zergling x2  
  51  4:54  Zergling x4  
  51  4:55  Zergling x2  
  51  4:57  Zergling x2  
  49  5:00  Zergling x2  
  49  5:03  Zergling x2  
  49  5:05  Zergling x2  
  49  5:08  Zergling x2  

Tags
 
Add a new tag
Caveats
  • Supply blocks, unpowered buildings, or Contaminate may cause inaccurate times.
  • Supply counts are checked every 10 seconds.